 Dungeon Crawl Stone Soup version 0.17.0-25-gefc9c12 (webtiles) character file.

2598 septik the Basher (level 9, 0/57 HPs)
             Began as a Gargoyle Fighter on Nov 18, 2015.
             Was an Initiate of Gozag.
             Slain by a fire drake (4 damage)
             ... on level 8 of the Dungeon.
             The game lasted 00:25:39 (6029 turns).

septik the Basher (Gargoyle Fighter)                Turns: 6029, Time: 00:25:39

Health: 0/57       AC: 18    Str: 21    XL:     9   Next: 59%
Magic:  0/9        EV:  8    Int: 10    God:    Gozag
Gold:   723        SH:  5    Dex: 10    Spells: 0 memorised, 8 levels left

rFire  . . .     SeeInvis +     o - +3 club
rCold  . . .     Clarity  .     I - +0 chain mail
rNeg   + . .     SustAt   .     V - +0 buckler
rPois  ∞         Gourm    .     p - +0 helmet
rElec  +         Spirit   +     (no cloak)
rCorr  .         Warding  .     J - +0 pair of gloves
rMut   .         Stasis   .     (no boots)
MR     .....                    w - amulet of guardian spirit
Stlth  ..........               (no ring)
                                y - ring of see invisible

@: not resistant to hostile enchantments, extremely unstealthy
A: negative energy resistance 1, electricity resistance, unbreathing,
petrification resistance, rot immunity, AC +5
a: Potion Petition, Call Merchant, Bribe Branch, Renounce Religion


You were on level 8 of the Dungeon.
You worshipped Gozag.
Gozag was noncommittal.
You were not hungry.

You visited 1 branch of the dungeon, and saw 8 of its levels.

You collected 824 gold pieces.
You paid 101 gold pieces to Gozag.

Inventory:

Hand Weapons
 a - a +0 flail
 o - a +3 club (weapon)
 q - a +0 hunting sling
 F - a +1 flail of protection
 N - a +1 flail of crushing
 U - a +1 war axe of electrocution
Missiles
 i - 277 stones (quivered)
 E - 5 tomahawks
Armour
 b - a +0 scale mail
 c - a +0 shield
 p - a +0 helmet (worn)
 I - a +0 chain mail (worn)
 J - a +0 pair of gloves (worn)
 V - a +0 buckler (worn)
Jewellery
 w - an amulet of guardian spirit (around neck)
 y - a ring of see invisible (left hand)
 A - an uncursed ring of fire {unknown}
 B - a cursed ring of loudness {unknown}
Wands
 D - a wand of draining (10)
 S - a wand of slowing (23)
 T - a wand of polymorph (13)
Scrolls
 d - a scroll of recharging {unknown}
 f - 5 scrolls of magic mapping {unknown}
 j - 2 scrolls of immolation {unknown}
 k - 3 scrolls of enchant weapon {unknown}
 l - 4 scrolls of random uselessness {unknown}
 m - 5 scrolls of remove curse {unknown}
 n - 4 scrolls of identify {unknown}
 t - 2 scrolls of fear {unknown}
 x - 4 scrolls of noise {unknown}
 G - 3 scrolls of teleportation {unknown}
 P - a scroll of amnesia {unknown}
Potions
 g - 2 potions of heal wounds
 r - a potion of resistance {unknown}
 s - 4 potions of cancellation {unknown}
 v - a potion of agility {unknown}
 z - a potion of brilliance {unknown}
 C - 2 potions of curing {unknown}
 K - 5 potions of lignification {unknown}
 L - a potion of flight {unknown}
 M - 2 potions of cure mutation {unknown}
 R - a potion of might
Books
 Q - a Fen Folio

   Spells                             Type                      Level
   a - Corpse Rot                     Necromancy                   2
   b - Stone Arrow                    Conjuration/Earth            3
   c - Leda's Liquefaction            Hexes/Earth                  4
   d - Summon Forest                  Summoning/Translocation      5
   e - Hydra Form                     Transmutation                6
   f - Summon Hydra                   Summoning                    7
Comestibles
 e - 2 bread rations
 h - 5 meat rations
 u - 2 beef jerkies
 H - 2 royal jellies
 O - a slice of pizza


   Skills:
 + Level 7.0 Fighting
 * Level 8.5 Maces & Flails
 + Level 7.0 Armour
 + Level 6.8 Shields


You had 8 spell levels left.
You didn't know any spells.

Dungeon Overview and Level Annotations

Branches:
Dungeon (8/15)             Temple (0/1) D:5
   Lair: D:8-11

Altars:
Ashenzari
Fedhas
Gozag
Kikubaaqudgha
Makhleb
Vehumet
The Shining One

Shops:
D:4 (   D:5 }

Annotations:
D:7 ConnectionFaild's ghost, novice SpAr


Innate Abilities, Weirdness & Mutations

You are resistant to torment.
Your stone body is resilient (AC +5).
You are immune to poison.
You resist negative energy.
You are resistant to electric shocks.
You can survive without breathing.
You are immune to petrification.
You are immune to rotting.


Message History

The fire drake bites you but does no damage.
You hit the fire drake.
The fire drake is severely wounded.
The fire drake breathes flames at you. The blast of flame hits you!
* * * LOW HITPOINT WARNING * * *
You hit the fire drake.
The fire drake is almost dead.
The fire drake barely misses you.
You closely miss the fire drake.
The fire drake is almost dead.
The fire drake bites you but does no damage.
You hit the fire drake.
The fire drake is almost dead.
The fire drake closely misses you.
You barely miss the fire drake.
The fire drake is almost dead.
The fire drake bites you.
You die...
Your body crumbles into a pile of gold.

..### $...$.......
#>...........
#............
####>....<......
###....#..........
#######...#...##.#..§...
........##..)....k..§§≈≈
########........@# #####
#.#......##
....####.#..../.#
###...##.#.....##
###..#.##....#
##...###.#.#
##.#.........
#..#####.#.## #.## #.#.#


You could see a fire drake.

Vanquished Creatures
  Pikel (D:5)
  Grinder (D:5)
  Sigmund (D:3)
  A hungry ghost (D:7)
  Edmund (D:5)
  An ogre (D:5)
  A phantom (D:7)
  A crocodile (D:7)
  A big kobold (D:8)
  A giant frog (D:8)
  5 killer bees (D:7)
  A crimson imp (D:6)
  A centaur zombie (D:8)
  3 orc wizards
  A quasit (D:8)
  A giant frog zombie (D:5)
  2 jellies
  2 centaur skeletons
  2 hounds
  A worker ant (D:6)
  Terence (D:2)
  A giant frog skeleton (D:8)
  An iguana (D:6)
  Natasha (thrice) (D:3)
  2 hound skeletons
  A worker ant zombie (D:7)
  Robin (D:2)
  5 adders
  11 gnolls
  2 shadow imps
  An ooze (D:2)
  An adder zombie (D:5)
  An adder skeleton (D:5)
  A worm (D:2)
  24 orcs
  11 giant cockroaches
  11 goblins
  15 hobgoblins
  11 jackals
  12 kobolds
  4 quokkas
  2 ball pythons
  4 bats (D:1)
  6 giant geckos
  6 giant newts
  A quokka zombie (D:8)
  10 rats
  A fungus (D:1)
  A plant (D:5)
180 creatures vanquished.

Vanquished Creatures (others)
  A crimson imp (D:5)
  2 orc wizards (D:5)
  A worker ant (D:5)
  3 orcs (D:5)
7 creatures vanquished.

Grand Total: 187 creatures vanquished

Notes
Turn   | Place    | Note
--------------------------------------------------------------
     0 | D:1      | septik the Gargoyle Fighter began the quest for the Orb.
     0 | D:1      | Reached XP level 1. HP: 14/14 MP: 1/1
    95 | D:1      | Reached XP level 2. HP: 9/19 MP: 2/2
   195 | D:1      | Found a shattered altar of Ashenzari.
   416 | D:1      | Reached XP level 3. HP: 16/23 MP: 3/3
   800 | D:2      | Reached XP level 4. HP: 25/28 MP: 4/4
   806 | D:2      | Found an ancient bone altar of Kikubaaqudgha.
   831 | D:2      | Noticed Robin
   873 | D:2      | Killed Robin
   965 | D:2      | Found a glowing golden altar of the Shining One.
  1098 | D:2      | Reached skill level 4 in Shields
  1313 | D:2      | Noticed Terence
  1378 | D:2      | Killed Terence
  1378 | D:2      | Reached XP level 5. HP: 11/33 MP: 5/5
  1627 | D:3      | Found a blossoming altar of Fedhas.
  1665 | D:3      | Noticed Sigmund
  1674 | D:3      | Killed Sigmund
  1674 | D:3      | Reached XP level 6. HP: 32/39 MP: 6/6
  1686 | D:3      | Noticed Natasha
  1708 | D:3      | Killed Natasha
  2105 | D:3      | Found a radiant altar of Vehumet.
  2185 | D:3      | Noticed Natasha
  2191 | D:3      | Killed Natasha
  2270 | D:3      | Noticed Natasha
  2278 | D:3      | Killed Natasha
  3154 | D:4      | Found Oxeqor's Weapon Emporium.
  3235 | D:5      | Entered Level 5 of the Dungeon
  3322 | D:4      | Reached XP level 7. HP: 33/44 MP: 7/7
  3396 | D:5      | Noticed Grinder
  3474 | D:5      | Reached skill level 5 in Maces & Flails
  3512 | D:5      | Reached skill level 5 in Shields
  3531 | D:5      | Reached skill level 5 in Fighting
  3654 | D:5      | Paralysed by Grinder for 2 turns
  3663 | D:5      | Paralysed by Grinder for 4 turns
  3675 | D:5      | Paralysed by Grinder for 2 turns
  3702 | D:5      | Killed Grinder
  3702 | D:5      | Reached skill level 5 in Armour
  3702 | D:5      | Reached XP level 8. HP: 35/50 MP: 8/8
  3733 | D:5      | Found an opulent altar of Gozag.
  3742 | D:5      | Became a worshipper of Gozag Ym Sagoz the Greedy
  3767 | D:5      | Noticed Pikel
  3816 | D:5      | Killed Pikel
  3816 | D:5      | Reached skill level 6 in Fighting
  3901 | D:5      | Found a staircase to the Ecumenical Temple.
  3924 | D:5      | Noticed Edmund
  4007 | D:5      | Killed Edmund
  4116 | D:5      | Found Yreavipe's Gadget Boutique.
  4312 | D:6      | Reached skill level 7 in Maces & Flails
  4379 | D:6      | Found a burning altar of Makhleb.
  4604 | D:6      | Reached XP level 9. HP: 44/56 MP: 9/9
  5012 | D:7      | Reached skill level 8 in Maces & Flails
  5258 | D:7      | Noticed ConnectionFaild's ghost (novice SpAr)
  6012 | D:8      | Noticed a fire drake
  6029 | D:8      | Slain by a fire drake

Action                   |  1- 3 |  4- 6 |  7- 9 || total
-------------------------+-------+-------+-------++-------
Melee: Flail             |   155 |    33 |   250 ||   438
       Club              |       |   248 |   456 ||   704
  Use: Potion            |       |     1 |     2 ||     3
 Stab: Distracted        |       |       |     1 ||     1
  Eat: Chunk             |       |     7 |     3 ||    10
       Bread ration      |       |       |     3 ||     3
